 Dungeon Crawl Stone Soup version 0.27-a0-1084-g78b3836a5f (webtiles) character file.

Game seed: 9718069656582730305

115 tardwrangler69 the Poker (level 5, 0/41 HPs)
             Began as a Merfolk Gladiator on Apr 26, 2021.
             Slain by an orc
             ... wielding a +0 flail
              (2 damage)
             ... on level 3 of the Dungeon.
             The game lasted 00:02:29 (2525 turns).

tardwrangler69 the Poker (Merfolk Gladiator)        Turns: 2525, Time: 00:02:29

Health: 0/41       AC:  4    Str: 15    XL:     5   Next: 0%
Magic:  5/5        EV:  8    Int:  8    God:
Gold:   87         SH: 11    Dex: 15    Spells: 4/4 levels left

rFire    . . .     SeeInvis .   a - +0 trident
rCold    . . .     Faith    .   m - +0 tower shield
rNeg     . . .     Spirit   .   b - +0 leather armour
rPois    .         Reflect  .   c - +0 helmet
rElec    .         Harm     .   (no cloak)
rCorr    .         Rampage  .   (no gloves)
Will     .....                  (no boots)
Stlth    +.........             (no amulet)
HPRegen  0.13/turn              (no ring)
MPRegen  0.09/turn              (no ring)

@: no status effects
A: (nimble swimmer 2), mertail
a: no special abilities


You were on level 3 of the Dungeon.
You visited 1 branch of the dungeon, and saw 3 of its levels.

You collected 141 gold pieces.
You spent 54 gold pieces at shops.

Inventory:

Hand Weapons
 a - a +0 trident (weapon)
Missiles
 d - 3 throwing nets (quivered)
Armour
 b - a +0 leather armour (worn)
 c - a +0 helmet (worn)
 m - a +0 tower shield (worn)
Jewellery
 p - a ring of willpower
Scrolls
 h - a scroll of magic mapping {unknown}
 i - a scroll of noise {unknown}
 j - a scroll of teleportation {unknown}
 k - a scroll of enchant armour {unknown}
 l - 3 scrolls of identify {unknown}
 n - a scroll of blinking {unknown}
 q - a scroll of fog {unknown}
Potions
 e - 2 potions of degeneration {unknown}
 f - a potion of flight {unknown}
 g - 3 potions of curing {unknown}
 o - a potion of heal wounds {unknown}


   Skills:
 + Level 3.2 Fighting
 * Level 6.4 Polearms
 - Level 2.0 Throwing
 + Level 5.0 Dodging


You had 4 spell levels left.
You didn't know any spells.
Your spell library was empty.

Dungeon Overview and Level Annotations

Branches:
Dungeon (3/15)

Altars:
Kikubaaqudgha

Shops:
D:2 *


Innate Abilities, Weirdness & Mutations

((You are quick and stealthy near water. (Stealth+, EV+, Speed+++)))
Your lower body shifts to a powerful aquatic tail in water.


Message History

You hit the orc.
The orc is severely wounded.
The orc hits you but does no damage. You block the orc's attack.
The orc priest invokes the aid of Beogh against you.
Beogh smites you!
You puncture the orc!
You kill the orc!
The orc hits you with a +0 club. You block the orc's attack.
You are too injured to fight recklessly!
You are too injured to fight recklessly!
You are too injured to fight recklessly!
You are too injured to fight recklessly!
You are too injured to fight recklessly!
You are too injured to fight recklessly!
You are too injured to fight recklessly!
You are too injured to fight recklessly!
You are too injured to fight recklessly!
You are too injured to fight recklessly!
You are too injured to fight recklessly!
You are too injured to fight recklessly!
You are too injured to fight recklessly!
You are too injured to fight recklessly!
You are too injured to fight recklessly!
The orc priest mumbles some strange prayers to Beogh against you.
Beogh smites you!
* * * LOW HITPOINT WARNING * * *
You hit the orc but do no damage. You block the orc's attack.
The orc priest looks encouraged for a moment.
You closely miss the orc. The orc barely misses you.
You block the orc's attack.
You puncture the orc!
You kill the orc!
You have reached level 5!
You feel clever.
You hit the orc.
The orc is severely wounded.
The orc hits you with a +0 flail!
* * * LOW HITPOINT WARNING * * *
The orc hits you with a +0 flail.
You die...

##....# #.....###
...⌠..#
#...)...####.
[.....#
########........
†.≈...######.
#...##.......##.
≈≈≈..........
##.#.o........#
≈≈≈..<######
##o..o.#.......#
≈≈≈≈.......#
##.#####.##...###
≈.≈.#.####.# #o##
##.....)..
......####.#####@##
###..###
..................#
..#
##########.........#
..# ##########.# ##
##


You could see an orc.

Vanquished Creatures
  3 adders (D:2)
  2 worms (D:2)
  3 dart slugs
  4 orcs (D:3)
  3 endoplasms
  10 giant cockroaches
  6 goblins
  6 hobgoblins
  5 jackals (D:1)
  3 kobolds
  3 quokkas
  4 ball pythons
  7 bats
  3 frilled lizards (D:2)
  4 rats
66 creatures vanquished.

Notes
Turn   | Place    | Note
-------+----------+-------------------------------------------
     0 | D:1      | tardwrangler69 the Merfolk Gladiator began the quest for
                  | the Orb.
     0 | D:1      | Reached XP level 1. HP: 16/16 MP: 1/1
    36 | D:1      | Reached XP level 2. HP: 20/23 MP: 2/2
   142 | D:1      | Reached skill level 5 in Polearms
   366 | D:1      | Reached XP level 3. HP: 18/28 MP: 3/3
  1090 | D:2      | Found Ibbir's Assorted Antiques.
  1100 | D:2      | Bought a scroll labelled QOCEON HUIHAPE for 27 gold pieces
  1100 | D:2      | Bought a scroll labelled COBROCLYOR for 27 gold pieces
  1334 | D:2      | Found a faded altar of an unknown god.
  1358 | D:2      | Reached XP level 4. HP: 12/34 MP: 4/4
  1516 | D:2      | Reached skill level 6 in Polearms
  2363 | D:3      | Reached skill level 5 in Dodging
  2464 | D:3      | Found an ancient bone altar of Kikubaaqudgha.
  2525 | D:3      | Reached XP level 5. HP: 9/41 MP: 5/5
  2525 | D:3      | HP: 2/41 [orc/+0 flail (7)]
  2525 | D:3      | Slain by an orc

Illustrated notes

Levels and vault maps discovered:
D:1:      dpeg_arrival_radiant, layout_rooms
D:2:      layout_loops_ring, hellmonk_ecumenical_altar_arch_garden,
          serial_shops, shop
D:3:      minmay_roachtagon, layout_loops_ring, kiku_gazebo_pond_becter

Skill      XL: |  1  2  3  4 |
---------------+-------------+-----
Polearms       | 5 6 |  6.4
Fighting       | 3 |  3.2
Dodging        | 5 |  5.0
Throwing       | |  2.0

Action                   |  1- 3 |  4- 6 || total
-------------------------+-------+-------++-------
Melee: Trident           |   149 |    62 ||   211
 Stab: Sleeping          |     2 |       ||     2
       Distracted        |       |     1 ||     1
Armor: Leather armour    |    60 |    17 ||    77
Dodge: Dodged            |   105 |    23 ||   128
Block: Tower shield      |    23 |    28 ||    51

Table legend: (Time is in decaauts)
 A = Elapsed time spent in this place.
 B = Non-inter-level travel time spent in this place.
 C = Inter-level travel time spent in this place.
 D = Time resting spent in this place.
 E = Time spent auto-exploring this place.
 F = Levels seen in this place.
 G = Mean time per level.
                   A        B        C        D        E       F      G
               +--------+--------+--------+--------+--------+-----+--------+
         Total |   2580 |   2541 |     39 |    153 |   1963 |   3 |  860.0 |
       Dungeon |   2580 |   2541 |     39 |    153 |   1963 |   3 |  860.0 |
               +--------+--------+--------+--------+--------+-----+--------+

Top non-repeatable levels by time:
     D:2: 1207 daAuts
     D:1: 1003 daAuts
     D:3: 369 daAuts
